 Seeded DCSS version 0.26.1-2-gb8aa6d0cf2 (webtiles) character file.

Game seed: 2766015790517002293 (custom seed)

52 oldmanjim the Shield-Bearer (level 3, 0/33 HPs)
             Began as a Minotaur Fighter on Feb 24, 2021.
             Slain by Natasha (3 damage)
             ... on level 2 of the Dungeon.
             The game lasted 00:02:38 (1243 turns).

oldmanjim the Shield-Bearer (Minotaur Fighter)      Turns: 1243, Time: 00:02:40

Health: 0/33       AC:  7    Str: 21    XL:     3   Next: 60%
Magic:  2/2        EV:  7    Int:  5    God:
Gold:   78         SH:  9    Dex:  9    Spells: 2/2 levels left

rFire    . . .     SeeInvis .   a - +0 war axe
rCold    . . .     Faith    .   c - +0 kite shield
rNeg     . . .     Spirit   .   b - +0 scale mail
rPois    .         Reflect  .   (helmet restricted)
rElec    .         Harm     .   (no cloak)
rCorr    .         Rampage  .   (no gloves)
Will     .....                  (no boots)
Stlth    ..........             (no amulet)
HPRegen  0.11/turn              (no ring)
MPRegen  0.08/turn              (no ring)

@: no status effects
A: retaliatory headbutt, horns 2
a: no special abilities


You were on level 2 of the Dungeon.
You visited 1 branch of the dungeon, and saw 2 of its levels.

You collected 78 gold pieces.

Inventory:

Hand Weapons
 a - a +0 war axe (weapon)
Missiles
 e - 58 stones (quivered)
 h - 16 sling bullets
Armour
 b - a +0 scale mail (worn)
 c - a +0 kite shield (worn)
Jewellery
 m - an uncursed ring of stealth {unknown}
 n - an uncursed amulet of magic regeneration {unknown}
Scrolls
 f - 4 scrolls of teleportation {unknown}
 g - a scroll of remove curse {unknown}
 j - a scroll of magic mapping {unknown}
 l - 3 scrolls of fog {unknown}
 o - a scroll of identify {unknown}
Potions
 d - a potion of might
 i - a potion of heal wounds {unknown}
 k - a potion of attraction {unknown}


   Skills:
 + Level 4.2 Fighting
 + Level 3.2 Axes
 - Level 4.0 Armour
 + Level 4.4 Shields


You had 2 spell levels left.
You didn't know any spells.
Your spell library was empty.

Dungeon Overview and Level Annotations

Branches:
Dungeon (2/15)

Altars:

Annotations:
D:2 Natasha


Innate Abilities, Weirdness & Mutations

You reflexively headbutt those who attack you in melee.
You have a pair of horns on your head.


Message History

You closely miss the crimson imp. The adder bites you but does no damage.
Natasha casts a spell.
The crimson imp hits you but does no damage.
The adder bites you but does no damage.
You slash Natasha!
Natasha is heavily wounded.
You hit the crimson imp.
Your shield prevents you from hitting the white imp.
You hit the adder. The adder barely misses you.
The crimson imp hits you but does no damage.
Natasha casts a spell.
The white imp hits you but does no damage.
The adder barely misses you.
You hit Natasha but do no damage. You headbutt Natasha.
Natasha is heavily wounded.
You closely miss the crimson imp. You closely miss the white imp.
You miss the adder. The crimson imp hits you.
* * * LOW HITPOINT WARNING * * *
Natasha claws you.
You die...

#.......<..#
#..........#
#...>......#
#.....[....######..
#...........†.....#
##........########>
#..........#
#..........#
#....5@5...#
#....hS....#
.......5......#
###..........##
##......#.##
###....#.# ....##.#
...##


You could see Natasha, 2 crimson imps, an adder and a white imp (summoned).

Vanquished Creatures
  2 adders (D:1)
  An ooze (D:1)
  2 dart slugs (D:1)
  A giant cockroach (D:1)
  5 goblins (D:1)
  2 hobgoblins (D:1)
  4 bats
  2 frilled lizards (D:1)
  6 kobolds (D:1)
  4 rats (D:1)
29 creatures vanquished.

Notes
Turn   | Place    | Note
-------+----------+-------------------------------------------
     0 | D:1      | oldmanjim the Minotaur Fighter began the quest for the Orb.
     0 | D:1      | Reached XP level 1. HP: 19/19 MP: 0/0
   304 | D:1      | Reached XP level 2. HP: 25/27 MP: 1/1
   737 | D:1      | Reached XP level 3. HP: 33/33 MP: 2/2
  1234 | D:2      | Noticed Natasha
  1243 | D:2      | Slain by Natasha

Illustrated notes

Levels and vault maps discovered:
D:1:      sevenhm_arrival_forest_fort_large_4, layout_loops_ring
D:2:      layout_rooms, nrook_mini_backslash, uniq_natasha

Skill      XL: |  1  2  3 |
---------------+----------+-----
Shields        | 4 |  4.4
Armour         | 4 |  4.0
Fighting       | 4 |  4.2
Axes           | 3 |  3.2

Action                   || total
-------------------------++-------
Melee: War axe           ||    73
       Headbutt          ||     9
Armor: Scale mail        ||    34
Dodge: Dodged            ||    19
Block: Kite shield       ||    40
